 Dungeon Sprint DCSS version 0.29-a0-962-gc8bbfd0a37 (webtiles) character file.

Game seed: 14554377721269166984

84 mhtbhm the Covered (level 4, 0/32 HPs)
             Began as a Gargoyle Fighter on July 30, 2022.
             Was an Initiate of Gozag.
             Slain by a gnoll sergeant
             ... wielding a +0 spear of venom
              (11 damage)
             ... in the Dungeon (Sprint IX: "|||||||||||||||||||||||||||||").
             The game lasted 00:00:33 (304 turns).

mhtbhm the Covered (Gargoyle Fighter)                Turns: 304, Time: 00:00:33

Health: 0/32       AC: 15    Str: 27    XL:     4   Next: 45%
Magic:  4/4        EV:  8    Int:  9    God:    Gozag
Gold:   0          SH:  5    Dex:  9    Spells: 3/3 levels left

rFire   . . .      SeeInvis .   a - +2 morningstar (vorpal)
rCold   . . .      Faith    .   c - +0 buckler
rNeg    + . .      Spirit   .   b - +1 chain mail
rPois   ∞          Reflect  .   (no helmet)
rElec   +          Harm     .   n - +0 cloak
rCorr   .          Rampage  .   (no gloves)
Will    .....      NoTele   +   (no boots)
Stlth   ..........              (no amulet)
HPRegen 0.10/turn               o - +3 ring of strength
MPRegen 0.09/turn               p - +3 ring of strength

@: no status effects
A: sickness immunity, AC +3, negative energy resistance 1, electricity
resistance, torment resistance 1, petrification resistance
a: Renounce Religion, Potion Petition, Call Merchant, Bribe Branch


You were in the Dungeon.
You worshipped Gozag.
Gozag was noncommittal.
You visited 1 branch

Inventory:

Hand Weapons
 a - a +2 vorpal morningstar (weapon)
Armour
 b - a +1 chain mail (worn)
 c - a +0 buckler (worn)
 n - a +0 cloak (worn)
Jewellery
 o - a +3 ring of strength (left hand)
 p - a +3 ring of strength (right hand)
Wands
 m - a wand of iceblast (10)
Scrolls
 j - 2 scrolls of blinking
 l - 2 scrolls of amnesia
Potions
 d - a potion of might
 e - 5 potions of curing
 f - a potion of invisibility
 g - a potion of haste
 h - 4 potions of magic
 i - a potion of berserk rage
 k - 2 potions of heal wounds


   Skills:
 + Level 5.7 Fighting
 + Level 4.1 Maces & Flails
 + Level 5.7 Armour
 + Level 1.0 Dodging
 + Level 5.5 Shields


You had 3 spell levels left.
You didn't know any spells.
Your spell library was empty.

Dungeon Overview and Level Annotations

Branches:
Dungeon (1/1)

Altars:
Cheibriados
Dithmenos
Elyvilon
Fedhas
Gozag
Hepliaklqana
Kikubaaqudgha
Makhleb
Nemelex Xobeh
Okawaru
Qazlal
Ru
Sif Muna
Trog
Uskayaw
Vehumet
Wu Jian
Xom
Yredelemnul
Zin
The Shining One
Jiyva
Lugonu


Innate Abilities, Weirdness & Mutations

You are immune to sickness and miasma.
Your stone body is resilient. (AC +3)
You are immune to poison.
You resist negative energy. (rN+)
You are resistant to electric shocks. (rElec)
You are resistant to unholy torment.
You are immune to petrification.


Message History

p - a +3 ring of strength (right hand)
You open the door. 2 orc warriors, 2 two-headed ogres, a vampire mosquito and a gnoll sergeant come into view.
The gnoll sergeant is wielding a +0 spear of venom.
The two-headed ogre shouts in stereo!
The orc warrior shouts! x2
The vampire mosquito buzzes angrily.
The gnoll sergeant shouts!
The gnoll sergeant misses you.
The gnoll sergeant hits you but does no damage.
There is an open door to the Dungeon here.
You barely miss the gnoll sergeant. You block the gnoll sergeant's attack.
You bludgeon the gnoll sergeant!!
The gnoll sergeant is almost dead.
The gnoll sergeant hits you with a +0 spear of venom! x2
You are too injured to fight recklessly!
You are too injured to fight recklessly!
You are too injured to fight recklessly!
You are too injured to fight recklessly!
You are too injured to fight recklessly!
You are too injured to fight recklessly!
You are too injured to fight recklessly!
You are too injured to fight recklessly!
You are too injured to fight recklessly!
You are too injured to fight recklessly!
You are too injured to fight recklessly!
You are too injured to fight recklessly!
You are too injured to fight recklessly!
You are too injured to fight recklessly!
You are too injured to fight recklessly!
You are too injured to fight recklessly!
You are too injured to fight recklessly!
You are too injured to fight recklessly!
You are too injured to fight recklessly!
You completely miss the gnoll sergeant.
The gnoll sergeant is almost dead.
The gnoll sergeant hits you with a +0 spear of venom.
You closely miss the gnoll sergeant.
The gnoll sergeant is almost dead.
The gnoll sergeant hits you with a +0 spear of venom!
You die...
Your body crumbles into a pile of gold.

▓+▓
▓o▓
$
▓O▓
$
▓o▓
$ $
▓O▓
$
▓y▓
$ $
▓g▓
$
▓@▓
$ $
▓.▓
▓.▓
$
▓[▓
▓[▓
$
▓.▓
▓.▓
$
▓)▓
$
▓.▓
$


You could see 2 two-headed ogres, 2 orc warriors, a vampire mosquito and a gnoll
sergeant.

Vanquished Creatures
  2 hounds (D)
  A gnoll (D)
  A white imp (D)
  An orc (D)
  2 ball pythons (D)
  An endoplasm (D)
  A hobgoblin (D)
  A frilled lizard (D)
10 creatures vanquished.

Notes
Turn   | Place    | Note
-------+----------+-------------------------------------------
     0 | D        | mhtbhm the Gargoyle Fighter began the quest for the Orb.
     0 | D        | Reached XP level 1. HP: 14/14 MP: 1/1
   166 | D        | Noticed a hound
   166 | D        | Noticed a hound
   179 | D        | Killed a hound
   180 | D        | Reached skill level 5 in Fighting
   180 | D        | Reached skill level 5 in Armour
   180 | D        | Reached XP level 2. HP: 15/21 MP: 2/2
   180 | D        | Reached XP level 3. HP: 19/26 MP: 3/3
   201 | D        | Reached skill level 5 in Shields
   201 | D        | Reached XP level 4. HP: 30/31 MP: 4/4
   206 | D        | Reached skill level 1 in Dodging
   212 | D        | Found a snail-covered altar of Cheibriados.
   212 | D        | Found a shadowy altar of Dithmenos.
   212 | D        | Found a white marble altar of Elyvilon.
   212 | D        | Found a blossoming altar of Fedhas.
   212 | D        | Found an opulent altar of Gozag.
   223 | D        | Found a hazy altar of Hepliaklqana.
   224 | D        | Found a viscous altar of Jiyva.
   225 | D        | Found an ancient bone altar of Kikubaaqudgha.
   226 | D        | Found a corrupted altar of Lugonu.
   227 | D        | Found a burning altar of Makhleb.
   228 | D        | Found a sparkling altar of Nemelex Xobeh.
   229 | D        | Found an iron altar of Okawaru.
   230 | D        | Became a worshipper of Gozag Ym Sagoz the Greedy
   238 | D        | Found a stormy altar of Qazlal.
   239 | D        | Found a sacrificial altar of Ru.
   240 | D        | Found a shimmering blue altar of Sif Muna.
   241 | D        | Found a bloodstained altar of Trog.
   242 | D        | Found a hide-covered altar of Uskayaw.
   243 | D        | Found a radiant altar of Vehumet.
   244 | D        | Found an ornate altar of the Wu Jian Council.
   245 | D        | Found a shimmering altar of Xom.
   246 | D        | Found a basalt altar of Yredelemnul.
   247 | D        | Found a glowing silver altar of Zin.
   248 | D        | Found a glowing golden altar of the Shining One.
   299 | D        | Noticed a two-headed ogre
   299 | D        | Noticed an orc warrior
   299 | D        | Noticed an orc warrior
   299 | D        | Noticed a two-headed ogre
   299 | D        | Noticed a vampire mosquito
   299 | D        | Noticed a gnoll sergeant
   304 | D        | Slain by a gnoll sergeant

Illustrated notes

Levels and vault maps discovered:
D:        linesprint [early_d, line_temple, items_1, d_10, items_2, lair_1,
          lair_end, items_3, orc_1, orc_end, items_4, d_15, swamp_1, shoals_1,
          snake_1, spider_1, d_20, vaults_1, items_5, swamp_end, shoals_end,
          snake_end, spider_end, vaults_end, d_27, items_6, zot_1, zot_end,
          crypt_end, forest_end, elf_end, slime_end, tomb_end, abyss_end,
          pan_hell_end]

Skill      XL: |  1  2  3  4 |
---------------+-------------+-----
Fighting       | 5 |  5.7
Maces & Flails | 3 4 |  4.1
Armour         | 5 |  5.7
Shields        | 4 5 |  5.5
Dodging        | 1 |  1.0

Action                   |  1- 3 |  4- 6 || total
-------------------------+-------+-------++-------
Melee: Flail             |    51 |     5 ||    56
       Morningstar       |       |     4 ||     4
  Use: Potion            |     1 |       ||     1
Armor: Scale mail        |    24 |     3 ||    27
       Chain mail        |       |     1 ||     1
Dodge: Dodged            |    22 |     2 ||    24
Block: Buckler           |    20 |     1 ||    21

Table legend: (Time is in decaauts)
 A = Elapsed time spent in this place.
 B = Non-inter-level travel time spent in this place.
 C = Inter-level travel time spent in this place.
 D = Time resting spent in this place.
 E = Time spent auto-exploring this place.
 F = Levels seen in this place.
 G = Mean time per level.
                   A        B        C        D        E       F      G
               +--------+--------+--------+--------+--------+-----+--------+
         Total |    320 |    320 |      0 |    138 |     10 |   1 |  320.0 |
       Dungeon |    320 |    320 |      0 |    138 |     10 |   1 |  320.0 |
               +--------+--------+--------+--------+--------+-----+--------+

Top non-repeatable levels by time:
       D: 320 daAuts
